 Dungeon Crawl Stone Soup version bcrawl-1.24.2 (webtiles) character file.

Game seed: 9624397859247505877

86 Freyura the Twirler (level 4, 0/40 HPs)
             Began as a Minotaur Gladiator on June 20, 2020.
             Was an Initiate of Ashenzari.
             Slain by a gnoll
             ... wielding a +0 whip
              (2 damage)
             ... on level 3 of the Dungeon.
             The game lasted 00:04:55 (1567 turns).

Freyura the Twirler (Minotaur Gladiator)            Turns: 1567, Time: 00:04:56

Health: 0/40       AC:  6    Str: 19    XL:     4   Next: 26%
Magic:  3/3        EV: 11    Int:  5    God:    Ashenzari [......]
Gold:   263        SH:  0    Dex: 12    Spells: 3/3 levels left

rFire    . . .     SeeInvis .   a - +0 quarterstaff (curse)
rCold    + . .     Gourm    .   (shield currently unavailable)
rNeg     . . .     Faith    .   g - +0 scale mail
rPois    .         Spirit   .   c - +0 hat (curse)
rElec    .         Reflect  .   (no cloak)
rCorr    .         Harm     .   (no gloves)
MR       .....                  (no boots)
Stlth    ..........             (no amulet)
HPRegen  0.13/turn              p - ring of protection from cold
MPRegen  0.08/turn              (no ring)

@: no status effects
A: retaliatory headbutt, horns 2
a: Curse Item, Renounce Religion


You were on level 3 of the Dungeon.
You worshipped Ashenzari.
Ashenzari was noncommittal.
You were not hungry.

You visited 1 branch of the dungeon, and saw 3 of its levels.

You collected 263 gold pieces.

Inventory:

Hand Weapons
 a - a cursed +0 quarterstaff (weapon)
Missiles
 d - 3 throwing nets {=f}
Armour
 b - a +0 leather armour
 c - a cursed +0 hat (worn)
 g - a +0 scale mail (worn)
Jewellery
 o - an uncursed amulet of rage
 p - a ring of protection from cold (left hand)
Scrolls
 f - 2 scrolls of identify {unknown}
 m - a scroll of teleportation {unknown}
 n - 2 scrolls of amnesia {unknown}
 q - a scroll of noise {unknown}
 t - a scroll of enchant armour {unknown}
Potions
 h - 2 potions of heal wounds {unknown}
 i - 2 potions of flight {unknown}
 j - 2 potions of curing {unknown}
 k - 2 potions of haste {unknown}
 l - 2 potions of mutation {unknown}
 r - a potion of brilliance {unknown}
Comestibles
 e - 3 rations {!d}


   Skills:
 * Level 3.8 Fighting
 * Level 4.6 Staves
 - Level 2.0 Throwing
 + Level 1.4 Armour
 + Level 3.8 Dodging


You had 3 spell levels left.
You didn't know any spells.
Your spell library was empty.

Dungeon Overview and Level Annotations

Branches:
Dungeon (3/12)

Altars:
Ashenzari


Innate Abilities, Weirdness & Mutations

You reflexively headbutt those who attack you in melee.
You have a pair of horns on your head.


Message History

The gnoll barely misses you.
You sock the gnoll!
You kill the gnoll!
You hit the gnoll. You headbutt the gnoll.
The gnoll is severely wounded.
The gnoll closely misses you. You furiously retaliate!
You headbutt the gnoll, but do no damage.
The gnoll barely misses you.
You barely miss the gnoll. You headbutt the gnoll.
The gnoll is almost dead.
The gnoll barely misses you.
The gnoll hits you from afar with a +0 halberd!
* * * LOW HITPOINT WARNING * * *
The gnoll hits you but does no damage.
You closely miss the gnoll. Your headbutt misses the gnoll.
The gnoll is almost dead.
The gnoll hits you from afar with a +0 halberd.
* * * LOW HITPOINT WARNING * * *
The gnoll hits you with a +0 whip.
You die...

########## #........#
#.$......# #........####
########## ##...........#
#........# #..........#.#
#........#
..........##.####........#
............g##..........#
..........(..g@.#........#
............#####........#
............# ####..#####
..........#.# #.........#
.........##.# #.........#
##..........#.## #.....(...#
#...........#..####.........#..
#...........##..........####..#
#..............####..##....)...


You could see 2 gnolls.

Vanquished Creatures
  A gnoll (D:3)
  An adder (D:3)
  2 worms (D:2)
  2 dart slugs (D:1)
  4 leopard geckos
  4 giant cockroaches
  6 goblins
  9 hobgoblins
  3 jackals
  6 bats
  3 frilled lizards
  4 kobolds
  7 rats
52 creatures vanquished.

Notes
Turn   | Place    | Note
-------+----------+-------------------------------------------
     0 | D:1      | Freyura the Minotaur Gladiator began the quest for the Orb.
     0 | D:1      | Reached XP level 1. HP: 18/18 MP: 0/0
   118 | D:1      | Reached XP level 2. HP: 25/25 MP: 1/1
   155 | D:1      | Reached skill level 4 in Staves
   625 | D:2      | Reached XP level 3. HP: 28/31 MP: 2/2
   704 | D:2      | Found a shattered altar of Ashenzari.
   737 | D:2      | Became a worshipper of Ashenzari the Shackled
   756 | D:2      | Reached skill level 1 in Armour
  1499 | D:3      | Reached XP level 4. HP: 40/40 MP: 3/3
  1567 | D:3      | HP: 2/40 [gnoll/+0 halberd (3)]
  1567 | D:3      | Slain by a gnoll

Skill      XL: |  1  2  3 |
---------------+----------+-----
Staves         | 4 |  4.6
Fighting       | 3 |  3.8
Armour         | 1 |  1.4
Throwing       | |  2.0
Dodging        | |  3.8

Action                   |  1- 3 |  4- 6 || total
-------------------------+-------+-------++-------
Melee: Quarterstaff      |    90 |    10 ||   100
       Headbutt          |    14 |     3 ||    17
Invok: Curse Item        |     2 |       ||     2
  Eat: Chunk             |     2 |       ||     2
Armor: Leather armour    |     3 |       ||     3
       Scale mail        |    31 |     5 ||    36
Dodge: Dodged            |    47 |    10 ||    57
